 Dungeon Crawl Stone Soup version 0.26.1-11-gd32895ea62 (webtiles) character file.

Game seed: 8539049424657654779

15936 dan0san the Cruncher (level 12, -3/109 HPs)
             Began as a Demonspawn Chaos Knight on Feb 23, 2021.
             Was a Plaything of Xom.
             Slain by a wolf spider (4 damage)
             ... on level 1 of the Spider Nest on July 22, 2021.
             The game lasted 01:23:20 (15582 turns).

dan0san the Cruncher (Demonspawn Chaos Knight)     Turns: 15582, Time: 01:23:21

Health: -3/109     AC:  9    Str: 21    XL:     12   Next: 5%
Magic:  0/20       EV: 14    Int: 10    God:    Xom [.....*]
Gold:   1474       SH:  0    Dex: 13    Spells: 19/22 levels left

rFire    + + +     SeeInvis .   R - staff of air
rCold    + . .     Faith    .   (no shield)
rNeg     . . .     Spirit   +   b - +3 leather armour
rPois    .         Reflect  .   (helmet restricted)
rElec    +         Harm     .   (no cloak)
rCorr    .         Rampage  .   (no gloves)
Will     .....                  B - +0 pair of boots
Stlth    +++.......             n - amulet of guardian spirit
HPRegen  0.28/turn              w - ring of wizardry
MPRegen  0.17/turn              C - ring "Gyqab" {rF+++ rC+ Int-4 Slay+6}

@: no status effects
A: beak, claws 1, hooves 1, horns 1, slimy green scales 1, blink, demonic
guardian 2, robust 2, spiny 2, strong 2, wild magic 1, evolution 1
a: Blink, Renounce Religion


You were on level 1 of the Spider Nest.
You worshipped Xom.
You were Xom's teddy bear.
You visited 3 branches of the dungeon, and saw 14 of its levels.
You also visited: Sewer.

You collected 1474 gold pieces.

Inventory:

Hand Weapons
 v - a +0 hand crossbow
 F - a +2 quarterstaff of chaos
 J - a +1 dagger of venom
 Y - the +5 scythe "Finisher" {speed, eviscerate}
   (You found it on level 10 of the Dungeon)

   Attacks with this weapon are significantly faster.
Missiles
 U - 40 sling bullets
Armour
 b - a +3 leather armour (worn)
 B - a +0 pair of boots (worn)
 G - a +0 cloak
 H - a +1 scale mail of fire resistance
 K - a +0 ring mail of fire resistance
Magical Staves
 P - an uncursed staff of conjuration
 R - an uncursed staff of air (weapon)
Jewellery
 a - a +4 ring of evasion
 m - an uncursed ring of ice
 n - an amulet of guardian spirit (around neck)
 w - a ring of wizardry (left claw)
 y - an uncursed ring of poison resistance
 C - the ring "Gyqab" (right claw) {rF+++ rC+ Int-4 Slay+6}
   (Xom gifted it to you on level 5 of the Dungeon)

   [ring of protection from cold]

   It affects your intelligence (-4).
   It affects your accuracy and damage with ranged weapons and melee attacks
   (+6).
   It renders you almost immune to fire.
   It protects you from cold.
Wands
 o - a wand of polymorph (7)
 x - a wand of paralysis (13)
 z - a wand of disintegration (15) (quivered)
 Q - a wand of random effects (5)
 S - a wand of acid (6)
 Z - a wand of iceblast (10)
Scrolls
 c - 3 scrolls of amnesia
 e - a scroll of summoning {unknown}
 f - a scroll of enchant weapon {unknown}
 h - 4 scrolls of teleportation
 i - 2 scrolls of fear {unknown}
 q - 2 scrolls of magic mapping
 u - 2 scrolls of immolation
 E - 2 scrolls of remove curse
 I - a scroll of enchant armour
 L - a scroll of random uselessness {unknown}
 M - 2 scrolls of blinking {unknown}
 N - a scroll of brand weapon {unknown}
 W - a scroll of identify
Potions
 d - 4 potions of might
 g - 2 potions of berserk rage {unknown}
 j - 5 potions of flight
 k - a potion of invisibility {unknown}
 l - 4 potions of curing
 p - 4 potions of attraction {unknown}
 r - 2 potions of magic
 s - 5 potions of brilliance
 t - a potion of mutation {unknown}
 A - 2 potions of degeneration {unknown}
 D - 3 potions of cancellation
 O - 5 potions of heal wounds
 T - 3 potions of ambrosia {unknown}
 V - a potion of haste


   Skills:
 + Level 7.3 Fighting
 - Level 7.6(9.2) Maces & Flails
 * Level 8.1(9.6) Polearms
 + Level 8.1(10.7) Staves
 + Level 5.0 Armour
 + Level 4.7 Dodging
 + Level 5.9 Stealth
 * Level 5.8 Spellcasting
 + Level 0.6 Evocations


You had 19 spell levels left.
You knew the following spells:

 Your Spells              Type           Power        Failure   Level
a - Magic Dart            Conj           12%          13%         1
b - Searing Ray           Conj           6%           21%         2

Your spell library contained the following spells:

 Spells                   Type           Power        Failure   Level
 Dazzling Flash           Conj/Hex       6%           34%         3
 Ignite Poison            Fire/Tmut/Pois 3%           34%         3
 Fulminant Prism          Conj/Hex       1%           71%         4
 Iskenderun's Mystic Bla  Conj/Tloc      3%           71%         4
 Fireball                 Conj/Fire      1%           95%         5
 Starburst                Conj/Fire      1%           100%        6
 Ignition                 Fire           1%           100%        8


Dungeon Overview and Level Annotations

Branches:
Dungeon (11/15)            Temple (0/1) D:7            Lair (2/6) D:11
 Spider (1/4) Lair:2          Orc (0/2) D:10          Sewer (visited)
  Swamp: Lair:2-4    Shoals: Lair:2-4

Altars:
Ashenzari
Elyvilon
Gozag
Hepliaklqana
Nemelex Xobeh
Okawaru
Sif Muna
Xom

Annotations:
D:6 exclusion: oklob plant


Innate Abilities, Weirdness & Mutations

You have large cloven feet.
You are partially covered in slimy green scales. (AC +2)
A demonic guardian rushes to your aid.
You are mostly covered in sharp spines.
You have a beak for a mouth.
You have sharp fingernails.
You have a pair of small horns on your head.
You can translocate small distances at will.
You are very robust. (+20% HP)
Your muscles are very strong. (Str +4)
Your spells are a little harder to cast, but a little more powerful.
You evolve.


Message History

The tarantella is struck by your spines.
The tarantella bites you!
* * * LOW HITPOINT WARNING * * *
The wolf spider is struck by your spines.
The wolf spider hits you.
* * * LOW HITPOINT WARNING * * *
The wolf spider bites you!
* * * LOW HITPOINT WARNING * * *
The redback is struck by your spines. The redback barely misses you.
The tarantella is struck by your spines.
The tarantella bites you!
* * * LOW HITPOINT WARNING * * *
Your ice devil completely misses the tarantella.
The emperor scorpion barely misses you. The emperor scorpion claws you.
* * * LOW HITPOINT WARNING * * *
The emperor scorpion barely misses you. The wolf spider hits you!
* * * LOW HITPOINT WARNING * * *
The wolf spider bites you.
You die...
Xom roars with laughter!

....# .....
#.$..# #......
## ....... #
#≈##.......
#≈≈≈##≈;ss..#.#
#;≈≈s@ss...#.
#≈≈≈≈..#.s4.....
#≈≈.#...........
#.......#..#....
#......# .......
#...... ....#..
##..... .#..# .
#≈#..# .#..#
≈≈≈.. .....


You could see an emperor scorpion, a wolf spider, 2 tarantellas, 2 redbacks, 2
electric eels and a friendly ice devil (summoned).

Vanquished Creatures
  A hydra (Lair:1)
  Harold (D:7)
  Erica (D:11)
  2 two-headed ogres (D:11)
  A death yak (D:11)
  A death knight (D:11)
  Nergalle (D:11)
  A gargoyle (D:11)
  A cane toad (Lair:1)
  A freezing wraith (D:11)
  A rime drake (Lair:1)
  A troll (D:9)
  The ghost of Rennog the Skirmisher, an amateur DsFi (D:5)
  A hornet (D:9)
  A shadow (D:11)
  A redback (Spider:1)
  4 yaks (D:11)
  A basilisk (Lair:1)
  6 wraiths
  Menkaure (D:5)
  A water moccasin (Lair:1)
  5 orc warriors
  2 phantoms
  A hornet zombie (D:10)
  A sky beast (D:11)
  An ice beast (D:9)
  A necrophage (D:10)
  3 ogres
  4 centaurs
  3 big kobolds
  6 bullfrogs
  7 scorpions
  8 killer bees
  17 wights
  2 howler monkeys
  A quasit (D:11)
  8 hounds
  3 jellies
  12 orc priests
  11 orc wizards
  Crazy Yiuf (D:5)
  2 bullfrog skeletons
  4 iguanas
  Natasha (twice) (D:3)
  2 hell rats (D:11)
  9 worker ants
  A hound zombie (D:11)
  A hound skeleton (D:7)
  A worker ant zombie (D:5)
  9 gnolls
  10 adders
  A river rat (Sewer)
  3 shadow imps
  2 white imps
  An ufetubus (D:5)
  3 oozes
  An adder zombie (D:7)
  An adder skeleton (D:3)
  4 worms
  2 dart slugs
  4 leopard geckos
  77 orcs
  14 bats
  7 giant cockroaches
  10 goblins
  9 hobgoblins
  21 jackals
  7 quokkas
  7 ball pythons
  6 frilled lizards
  17 kobolds
  A leopard gecko skeleton (D:6)
  20 rats
  A bush (Lair:2)
  3 fungi (Lair:1)
390 creatures vanquished.

Vanquished Creatures (collateral kills)
  2 death yaks (D:11)
  An oklob plant (Lair:1)
  Grinder (D:4)
  Sigmund (D:5)
  2 yaks (D:11)
  A wraith (D:10)
  A redback (Spider:1)
  Edmund (D:6)
  Purgy (D:4)
  A sky beast (D:6)
  An orc warrior (D:6)
  2 centaurs
  A killer bee (D:8)
  An iguana (D:4)
  An orc wizard (D:6)
  A worker ant (D:9)
  A hound zombie (D:5)
  A river rat (D:11)
  9 orcs
  A jackal (D:5)
  A kobold (Sewer)
  A rat (D:11)
33 creatures vanquished.

Vanquished Creatures (others)
  3 fungi
  9 plants
12 creatures vanquished.

Grand Total: 435 creatures vanquished

Notes
Turn   | Place    | Note
-------+----------+-------------------------------------------
     0 | D:1      | dan0san the Demonspawn Chaos Knight began the quest for the
                  | Orb.
     0 | D:1      | Reached XP level 1. HP: 18/18 MP: 1/1
   187 | D:1      | Gained mutation: You are partially covered in sharp spines.
                  | [demonic ancestry]
   187 | D:1      | Reached XP level 2. HP: 19/24 MP: 2/2
   204 | D:1      | Reached skill level 1 in Dodging
   685 | D:1      | XOM: divination: detect items
   974 | D:1      | Reached XP level 3. HP: 29/29 MP: 3/3
  1055 | D:1      | Found a sparkling altar of Nemelex Xobeh.
  1916 | D:2      | XOM: god gift: fizzy silvery potion {god gift}
  1918 | D:2      | XOM: 2-stop teleportation journey
  1938 | D:2      | XOM: give mutation
  1938 | D:2      | Gained mutation: You can translocate small distances at
                  | will. [Xom's grace]
  2182 | D:2      | XOM: cloud trail
  2270 | D:3      | Gained mutation: You are partially covered in slimy green
                  | scales. (AC +2) [demonic ancestry]
  2270 | D:3      | Reached XP level 4. HP: 33/37 MP: 4/4
  2669 | D:3      | Noticed Natasha
  2673 | D:3      | Killed Natasha
  2831 | D:3      | Found a glowing drain.
  2838 | Sewer    | Entered a sewer
  2855 | Sewer    | Reached skill level 1 in Stealth
  2969 | Sewer    | Gained mutation: A weak demonic guardian rushes to your
                  | aid. [demonic ancestry]
  2969 | Sewer    | Reached XP level 5. HP: 42/42 MP: 5/5
  3234 | Sewer    | XOM: give mutation
  3234 | Sewer    | Gained mutation: Your spells are a little harder to cast,
                  | but a little more powerful. [Xom's mischief]
  3244 | Sewer    | Gained mutation: A demonic guardian rushes to your aid.
                  | [demonic ancestry]
  3244 | Sewer    | Reached XP level 6. HP: 48/48 MP: 4/6
  3363 | D:3      | XOM: confuse monster(s)
  3512 | D:3      | XOM: give mutation
  3512 | D:3      | Gained mutation: You are covered in fur. (AC +1) [Xom's
                  | grace]
  3592 | D:3      | Noticed Natasha
  3690 | D:3      | Killed Natasha
  3705 | D:3      | XOM: give mutations
  3705 | D:3      | Gained mutation: Your muscles are strong. (Str +2) [Xom's
                  | mischief]
  3705 | D:3      | Gained mutation: Your flesh is heat resistant. (rF+) [Xom's
                  | mischief]
  3705 | D:3      | Lost mutation: Your muscles are strong. (Str +2) [Xom's
                  | mischief]
  3705 | D:3      | Lost mutation: You are covered in fur. (AC +1) [Xom's
                  | mischief]
  4126 | D:4      | XOM: divination: detect items
  4185 | D:4      | Noticed Purgy
  4218 | D:4      | Killed Purgy
  4219 | D:4      | Reached skill level 5 in Maces & Flails
  4331 | D:4      | XOM: god gift: scroll labelled YBOSMA LOLIFUO {god gift}
  4399 | D:4      | XOM: 3-stop teleportation journey
  4468 | D:4      | Found an iron altar of Okawaru.
  4468 | D:4      | XOM: 3-stop teleportation journey
  4511 | D:4      | Gained mutation: You are mostly covered in sharp spines.
                  | [demonic ancestry]
  4511 | D:4      | Reached XP level 7. HP: 55/55 MP: 7/7
  4564 | D:4      | XOM: cloud trail
  4781 | D:4      | Noticed Grinder
  4783 | D:4      | Paralysed by Grinder for 6 turns
  4794 | D:4      | Killed Grinder
  4841 | D:4      | XOM: god gift: 333 gold pieces
  4955 | D:4      | XOM: give mutations
  4955 | D:4      | Gained mutation: You have a pair of small horns on your
                  | head. [Xom's grace]
  4955 | D:4      | Gained mutation: You have sharp fingernails. [Xom's grace]
  5026 | D:5      | Entered Level 5 of the Dungeon
  5027 | D:5      | XOM: god gift: scorched glass ring {god gift}
  5032 | D:5      | Got a scorched glass ring {god gift}
  5136 | D:5      | You fall into a shaft and drop 2 floors!
  5282 | D:6      | Found a white marble altar of Elyvilon.
  5282 | D:6      | Noticed an oklob plant
  5295 | D:6      | Noticed Edmund
  5302 | D:6      | XOM: scenery: create altars
  5316 | D:6      | XOM: fog
  5355 | D:7      | XOM: scenery: summon butterflies
  5363 | D:6      | Killed Edmund
  5460 | D:6      | XOM: polymorph orc -> hobgoblin
  5468 | D:6      | XOM: scenery: create altars
  5505 | D:6      | XOM: give mutations
  5505 | D:6      | Gained mutation: You possess an exceptional clarity of
                  | mind. [Xom's grace]
  5505 | D:6      | Gained mutation: You expend magic power (3 MP) to
                  | strengthen your wands. [Xom's grace]
  5505 | D:6      | Gained mutation: You have a pair of horns on your head.
                  | [Xom's grace]
  5505 | D:6      | Gained mutation: You have a pair of large horns on your
                  | head. [Xom's grace]
  5539 | D:5      | XOM: 1-stop teleportation journey
  5546 | D:5      | Reached XP level 8. HP: 54/61 MP: 5/8
  5588 | D:5      | Found a runed translucent gate.
  5589 | D:5      | Found a runed translucent gate.
  5590 | D:5      | Found a runed translucent gate.
  5626 | D:5      | Found an opulent altar of Gozag.
  5630 | D:5      | Noticed Rennog's ghost (amateur DsFi)
  5650 | D:5      | Killed Rennog's ghost
  5651 | D:5      | Reached skill level 5 in Fighting
  5697 | D:5      | Noticed Menkaure
  5745 | D:5      | Killed Menkaure
  5748 | D:5      | Noticed Sigmund
  5762 | D:5      | Killed Sigmund
  5867 | D:5      | XOM: give mutations
  5867 | D:5      | Gained mutation: Your muscles are strong. (Str +2) [Xom's
                  | grace]
  5867 | D:5      | Gained mutation: Your spells are harder to cast, but more
                  | powerful. [Xom's grace]
  5867 | D:5      | Gained mutation: You have a beak for a mouth. [Xom's grace]
  5976 | D:5      | XOM: 2-stop teleportation journey
  6105 | D:5      | XOM: potion effect (magic)
  6134 | D:5      | Found a runed translucent door.
  6135 | D:5      | Noticed Crazy Yiuf
  6140 | D:5      | Killed Crazy Yiuf
  6540 | D:6      | Identified the ring "Gyqab" {rF+++ rC+ Int-4 Slay+6} (Xom
                  | gifted it to you on level 5 of the Dungeon)
  6622 | D:6      | XOM: scenery: summon butterflies
  6809 | D:6      | XOM: 4-stop teleportation journey
  7196 | D:6      | XOM: give mutations
  7196 | D:6      | Lost mutation: You possess an exceptional clarity of mind.
                  | [Xom's mischief]
  7196 | D:6      | Lost mutation: Your spells are harder to cast, but more
                  | powerful. [Xom's mischief]
  7196 | D:6      | Gained mutation: You are frail. (-10% HP) [Xom's mischief]
  7196 | D:6      | Lost mutation: You are frail. (-10% HP) [Xom's mischief]
  7213 | D:6      | Reached skill level 1 in Staves
  7234 | D:6      | XOM: noise
  7236 | D:6      | Reached skill level 1 in Spellcasting
  7304 | D:6      | XOM: confusion (+ monsters)
  7470 | D:6      | Reached XP level 9. HP: 57/68 MP: 8/10
  7543 | D:6      | Found a shimmering blue altar of Sif Muna.
  7597 | D:6      | XOM: scenery: 2 doors close
  7598 | D:6      | XOM: cast spell 'Monstrous Menagerie'
  7821 | D:7      | Noticed Harold
  7832 | D:7      | Killed Harold
  8069 | D:7      | Found a staircase to the Ecumenical Temple.
  8317 | D:7      | XOM: give mutations
  8317 | D:7      | Gained mutation: You are agile. (Dex +2) [Xom's grace]
  8317 | D:7      | Gained mutation: You have sharp toenails. [Xom's grace]
  8317 | D:7      | Gained mutation: You are somewhat resistant to further
                  | mutation. [Xom's grace]
  8317 | D:7      | Gained mutation: You are robust. (+10% HP) [Xom's grace]
  8371 | D:7      | Learned a level 1 spell: Magic Dart
  8407 | D:7      | XOM: draining
  8431 | D:7      | XOM: torment (38/64 hp)
  8704 | D:7      | XOM: god gift: fuming green potion {god gift}
  8742 | D:7      | Found a hazy altar of Hepliaklqana.
  8742 | D:7      | Found a broken altar of Ashenzari.
  8860 | D:8      | Found a flagged portal.
  8946 | D:8      | Reached skill level 5 in Staves
  9064 | D:8      | XOM: god gift: fuming red potion {god gift}
  9096 | D:8      | XOM: enchant monster (good)
  9134 | D:8      | XOM: 3-stop teleportation journey
  9180 | D:8      | XOM: 1-stop teleportation journey
  9190 | D:8      | Found an opulent altar of Gozag.
  9878 | D:9      | XOM: summons friendly shadow imp
  9889 | D:9      | Reached XP level 10. HP: 82/83 MP: 5/14
 10260 | D:9      | XOM: divination: detect items
 10615 | D:10     | Entered Level 10 of the Dungeon
 10669 | D:10     | XOM: noise
 10713 | D:10     | Found a staircase to the Orcish Mines.
 11003 | D:10     | Reached skill level 5 in Stealth
 11312 | D:10     | Found the +5 scythe "Finisher" {speed, eviscerate}
 11448 | D:10     | XOM: blink monster(s)
 11722 | D:11     | Noticed Nergalle
 11723 | D:11     | Killed Nergalle
 11724 | D:11     | Reached skill level 1 in Polearms
 11759 | D:11     | Noticed Erica
 11763 | D:11     | Killed Erica
 11764 | D:11     | Reached XP level 11. HP: 91/91 MP: 16/18
 12085 | D:11     | Noticed a death knight
 12086 | D:11     | Noticed a death yak
 12087 | D:11     | Noticed a death yak
 12088 | D:11     | Noticed a phantasmal warrior
 12090 | D:11     | Noticed a death yak
 12102 | D:11     | XOM: butterfly on damage
 12159 | D:11     | XOM: give mutations
 12159 | D:11     | Lost mutation: You are agile. (Dex +2) [Xom's mischief]
 12159 | D:11     | Lost mutation: You have a pair of large horns on your head.
                  | [Xom's mischief]
 12159 | D:11     | Lost mutation: You expend magic power (3 MP) to strengthen
                  | your wands. [Xom's mischief]
 12203 | D:11     | XOM: give mutations
 12203 | D:11     | Lost mutation: You have a pair of horns on your head.
                  | [Xom's mischief]
 12203 | D:11     | Lost mutation: Your flesh is heat resistant. (rF+) [Xom's
                  | mischief]
 12248 | D:11     | XOM: give mutation
 12248 | D:11     | Lost mutation: You have sharp toenails. [Xom's mischief]
 12288 | D:11     | XOM: 1-stop teleportation journey
 12392 | D:11     | Upgraded the game from 0.26.1-2-gb8aa6d0cf2 to
                  | 0.26.1-10-gdfb7c7de75
 12548 | D:11     | Found a staircase to the Lair.
 12549 | D:11     | XOM: summons friendly iron imp
 12553 | D:11     | Killed a death yak
 12554 | D:11     | Reached skill level 5 in Spellcasting
 12556 | D:11     | Killed a death yak
 12559 | D:11     | Killed a death yak
 12560 | D:11     | Reached skill level 5 in Polearms
 12755 | D:11     | XOM is BORED!
 12755 | D:11     | XOM: summons 1 hostile shadow creature
 12833 | D:11     | Noticed a two-headed ogre
 12838 | D:11     | Killed a two-headed ogre
 12859 | D:11     | Noticed a two-headed ogre
 12860 | D:11     | XOM: cleaving
 12861 | D:11     | Killed a two-headed ogre
 13268 | D:11     | XOM: confuse monster(s)
 13278 | D:11     | Killed a death knight
 13536 | D:11     | Learned a level 2 spell: Searing Ray
 13552 | D:11     | XOM: confusion (+ monsters)
 13685 | D:11     | XOM: cloud trail
 13712 | D:11     | Upgraded the game from 0.26.1-10-gdfb7c7de75 to
                  | 0.26.1-11-gd32895ea62
 13874 | Lair:1   | Entered Level 1 of the Lair of Beasts
 14191 | Lair:1   | Noticed a four-headed hydra
 14198 | Lair:1   | Killed a five-headed hydra
 14221 | Lair:1   | XOM: 8-stop teleportation journey
 14275 | Lair:1   | XOM: silly message
 14327 | Lair:1   | XOM: 4-stop teleportation journey
 14353 | Lair:1   | XOM: confuse monster(s)
 14367 | Lair:1   | XOM: give mutations
 14367 | Lair:1   | Gained mutation: You are very robust. (+20% HP) [Xom's
                  | grace]
 14367 | Lair:1   | Gained mutation: Your muscles are very strong. (Str +4)
                  | [Xom's grace]
 14367 | Lair:1   | Lost mutation: You are somewhat resistant to further
                  | mutation. [Xom's grace]
 14367 | Lair:1   | Gained mutation: You evolve. [Xom's grace]
 14367 | Lair:1   | Gained mutation: You have sharp toenails. [Xom's grace]
 14489 | Lair:1   | Noticed an oklob plant
 14494 | Lair:1   | Killed an oklob plant
 14735 | Lair:1   | XOM: 2-stop teleportation journey
 14846 | Lair:1   | Lost mutation: You have sharp toenails. [demonic ancestry]
 14846 | Lair:1   | Gained mutation: You have large cloven feet. [demonic
                  | ancestry]
 14846 | Lair:1   | Reached XP level 12. HP: 93/109 MP: 17/20
 15189 | Lair:2   | XOM: summons 2 hostile shadow creatures
 15359 | Lair:2   | XOM: noise
 15373 | Lair:2   | Reached skill level 5 in Armour
 15375 | Lair:2   | Found a hole to the Spider Nest.
 15413 | Spider:1 | Entered Level 1 of the Spider Nest
 15415 | Spider:1 | Noticed an emperor scorpion
 15582 | Spider:1 | HP: 1/109 [wolf spider (6)]
 15582 | Spider:1 | Slain by a wolf spider

Illustrated notes

Levels and vault maps discovered:
D:1:      denvon_arrival_waterhouse, layout_loops_ring, serial_forest,
          infiniplex_forest_corner_1, infiniplex_forest_side_room,
          infiniplex_forest_lined_ring, infiniplex_forest_lined_room_2,
          infiniplex_forest_lined_ring, infiniplex_forest_straight_2,
          minmay_fountain_box, nemelex_diamond_rough_becter
D:2:      layout_basic
D:3:      layout_loops_ring, portal_sewer_entry_e,
          minmay_misc_feat_more_columns, minmay_surrounded, uniq_natasha
D:4:      lemuel_upstairs_altar, layout_loops_ring, roderic_batcave, uniq_purgy,
          uniq_grinder
D:5:      layout_rooms, ebering_ghost_gozag, grunt_decor_fettered, uniq_sigmund,
          uniq_menkaure, uniq_crazy_yiuf_cottage
D:6:      corexii_shantytown, layout_loops_ring, led_sif_pool, enter_ossuary_2,
          lemuel_oklob_altar, uniq_edmund
D:7:      layout_loops_ring, gammafunk_temple_overflow_pools, temple_pool_b,
          uniq_harold
D:8:      layout_basic, nicolae_gozag_cash_rules_everything_around_me,
          enter_bailey_2
D:9:      layout_grid_maze
D:10:     layout_basic, hiddenorc2_lemuel, fountainhead,
          minmay_guarded_unrand_finisher
D:11:     layout_basic, dpeg_lair_monsters, grunt_ministairs_5,
          hangedman_decor_opposing, uniq_erica, uniq_nergalle
Lair:1:   layout_layer_cave, minmay_lair_oklob_items
Lair:2:   layout_cave_pods, nicolae_spider_entry_non_spiders, minivault_25,
          chequers_serial_rivers_micro_c, hangedman_lair_unloving_vines,
          infiniplex_staircase_pool_2
Spider:1: layout_spider_delve

Skill      XL: |  1  2  3  4  5  6  7  8  9 10 11 12 |
---------------+-------------------------------------+-----
Maces & Flails | 3 4 5 6 7 |  7.6
Dodging        | 1 2 3 4 |  4.7
Armour         | 2 3 4 5 |  5.0
Stealth        | 1 2 3 4 5 |  5.9
Fighting       | 4 5 6 7 |  7.3
Staves         | 1 6 8 |  8.1
Spellcasting   | 1 3 4 5 |  5.8
Polearms       | 2 8 |  8.1
Evocations     | |  0.6

Action                   |  1- 3 |  4- 6 |  7- 9 | 10-12 || total
-------------------------+-------+-------+-------+-------++-------
Melee: Mace              |    95 |   123 |    74 |       ||   292
       Headbutt          |       |       |    32 |    64 ||    96
       Quarterstaff      |       |       |   121 |   112 ||   233
       Peck              |       |       |    24 |    65 ||    89
       Scythe            |       |       |       |   143 ||   143
       Staff             |       |       |       |    75 ||    75
 Cast: Magic Dart        |       |       |     3 |     2 ||     5
 Abil: Blink             |       |     1 |       |     2 ||     3
Evoke: Wand              |       |       |     4 |     5 ||     9
  Use: Scroll            |     3 |     4 |    12 |     7 ||    26
       Potion            |       |     2 |     1 |     1 ||     4
 Stab: Sleeping          |     1 |     2 |     9 |    11 ||    23
       Distracted        |       |     1 |       |     2 ||     3
       Paralysed         |       |       |     3 |     1 ||     4
       Confused          |       |       |       |     2 ||     2
Armor: Leather armour    |    39 |    40 |    62 |    50 ||   191
Dodge: Dodged            |    64 |    52 |   123 |   141 ||   380
